Cogmind - Beta 9.2 @@@ ROGUE MODE // 2019.11.21 @ 12:33:42 Player: UlyssesB Result: Destroyed by as-98424 with Assembled Rifle Performance ------------- Evolutions (0) 0 Regions Visited (2) 400 Robots Destroyed (17) 85 Value Destroyed (350) 350 Prototype IDs (4) 80 Alien Tech Used (0) 0 Bonus (7) 7 TOTAL SCORE: 922 Bonus ------- Follower Combat Kills 7 Cogmind --------- Core Integrity 0/250 Matter 297/300 Energy 250/250 System Corruption 0% Temperature Cool (12) Movement Treading (180) Ox1 Location -10/Mines Parts ------- > --- POWER (1) -------- Ion Engine > --- PROPULSION (2) --- Light Treads Light Treads > --- UTILITY (2) ------ High-capacity Storage Unit High-capacity Storage Unit > --- WEAPON (2) ------- Beam Cannon Assault Rifle > --- INVENTORY (20) --- Light Treads Wheel Compact Wheel Improved Heat Sink Medium Storage Unit Large Storage Unit Sensor Array Particle Gun Light Assault Rifle Light Assault Rifle Light Assault Rifle Rocket Launcher Datajack Peak State ------------ > --- POWER ------------ Ion Engine > --- PROPULSION ------- Wheel Compact Wheel > --- UTILITY ---------- Small Storage Unit Large Storage Unit > --- WEAPON ----------- EM Pulse Gun Particle Gun > --- INVENTORY -------- Light Ion Engine Light Treads Light Treads Assault Rifle [Rating: 8] Favorites ----------- Power Ion Engine Engine Ion Engine Propulsion Aluminum Leg Treads Light Treads Leg Aluminum Leg Wheel Wheel Utility High-capacity Storage Unit Storage High-capacity Storage Unit Weapon Assault Rifle Energy Gun EM Pulse Gun Energy Cannon Beam Cannon Ballistic Gun Assault Rifle Build | -11 -10 -10 ------- Run | Scr Mat Min Slots Evolved . | . . . Power . | . . . Propulsion . | . . . Utility . | . . . Weapon . | . . . Parts Attached 16 | . 11 5 Power 2 | . . 2 Engine 2 | . . 2 Core . | . . . Reactor . | . . . Propulsion 5 | . 3 2 Treads 2 | . . 2 Leg . | . . . Wheel 3 | . 3 . Hover . | . . . Flight . | . . . Utility 4 | . 4 . Device . | . . . Storage 4 | . 4 . Processor . | . . . Hackware . | . . . Protection . | . . . Artifact . | . . . Weapon 5 | . 4 1 Energy Gun 1 | . 1 . Energy Cannon 2 | . 2 . Ballistic Gun 2 | . 1 1 Ballistic Cannon . | . . . Launcher . | . . . Special Weapon . | . . . Impact Weapon . | . . . Slashing Weapon . | . . . Piercing Weapon . | . . . Special Melee Weapon . | . . . Unidentified Prototypes . | . . . Parts Lost 4 | . 3 1 Power 1 | . . 1 Propulsion . | . . . Utility . | . . . Weapon 3 | . 3 . Highest Loss Streak 1 | . 1 1 Average Slot Usage (%) 94 | . 93 98 Engine 13 | . 14 13 Treads 6 | . . 26 Leg 7 | . 10 . Wheel 13 | . 17 1 Storage 24 | . 22 28 Energy Gun 12 | . 17 . Energy Cannon 7 | . 4 14 Ballistic Gun 7 | . 5 13 Naked Turns . | . . . Heaviest Build 75 | 13 75 74 Greatest Support 40 | 20 26 40 Greatest Overweight (x) 2 | . 2 2 Average Overweight (x) . | . . 1 Largest Inventory Capacity 20 | . 20 20 Average Capacity 13 | . 11 20 Most Carried 13 | . 11 13 Average Carried 6 | . 5 10 Final Capacity 20 | 6 20 20 Final Carried 13 | 6 11 13 Class Distribution -------------------- 69% | Mutant 30% | Hauler-Mutant Dominant Class ---------------- Mutant | -10/Materials Hauler-Mutant | -10/Mines Resources | -11 -10 -10 ----------- Run | Scr Mat Min Matter Collected 394 | 200 123 71 Remotely . | . . . Salvage Created 573 | . 464 109 Parts 29 | . 26 3 Haulers Intercepted 2 | . 2 . Recyclers Shooed 3 | . 3 . Parts Field Recycled . | . . . Retrieved Matter . | . . . Parts Self-Destructed . | . . . Prevented . | . . . Kills | -11 -10 -10 ------- Run | Scr Mat Min Combat Hostiles Destroyed 12 | . 10 2 Guns 9 | . 8 1 Cannons 3 | . 2 1 Classes Destroyed 5 | . 5 . Worker 1 | . 1 . Hauler 2 | . 2 . Watcher 2 | . 2 . Swarmer 6 | . 6 . Grunt 6 | . 4 2 Best Kill Streak 5 | . 5 2 Combat Bots Only 3 | . 3 2 Max Kills in Single Turn 2 | . 2 1 Gunslinging 1 | . 1 . Exploded . | . . . Melee . | . . . Uniques/NPCs Destroyed . | . . . Combat | -11 -10 -10 -------- Run | Scr Mat Min Damage Taken 817 | . 690 127 Core 252 | . 241 11 Absorbed by Shields . | . . . Core Remaining (%) 100 | 100 . . Volleys Fired 63 | . 55 8 Largest 2 | . 2 2 Hottest 120 | . 120 80 Shots Fired 112 | . 96 16 Gun 86 | . 78 8 Cannon 26 | . 18 8 Launcher . | . . . Special . | . . . Kinetic 14 | . 6 8 Thermal 63 | . 55 8 Explosive . | . . . Electromagnetic 35 | . 35 . Robot Hit Streak 11 | . 11 4 Robot Miss Streak 2 | . 2 2 Penetration Max . | . . . Secondary Targets 1 | . 1 . Max Gunslinging Chain 1 | . 1 . Shots Hit Robots 78 | . 69 9 Core Hits 25 | . 22 3 Critical Hits . | . . . Critical Kills . | . . . Critical Parts Destroyed . | . . . Melee Attacks . | . . . Impact . | . . . Slashing . | . . . Piercing . | . . . Sneak Attacks . | . . . Combat Hostiles . | . . . Follow-up Attacks . | . . . Damage Inflicted 1171 | . 1063 108 Guns 713 | . 676 37 Cannons 315 | . 244 71 Explosions 143 | . 143 . Melee . | . . . Ramming . | . . . Kinetic 67 | . 30 37 Thermal 793 | . 722 71 Explosive . | . . . Electromagnetic 311 | . 311 . Impact . | . . . Slashing . | . . . Piercing . | . . . Highest Corruption . | . . . Average Corruption . | . . . Corruption Purged . | . . . Overload Shots . | . . . Overflow Damage 51 | . 51 . Projectiles 16 | . 16 . Explosions 35 | . 35 . Melee . | . . . Knockbacks . | . . . Impact . | . . . Kinetic . | . . . Secondary . | . . . Self-Inflicted Damage 39 | . 39 . Shots 2 | . 2 . Rammed . | . . . Targets Rammed . | . . . Kicked . | . . . Crushed . | . . . Highest Temperature 414 | . 414 85 Average Temperature 121 | . 132 34 Received Heat Transfer 255 | . 198 57 Effects 4 | . 4 . Energy Bleed 3 | . 3 . Short Circuit 1 | . 1 . Siege Activations . | . . . Robots Corrupted . | . . . Combat Hostiles . | . . . Parts Fried 2 | . 2 . Impact Corruptions . | . . . Robots Melted . | . . . Combat Hostiles . | . . . Parts Melted 3 | . 3 . Heat Transferred 1754 | . 1606 148 Parts Sabotaged . | . . . Parts Stolen . | . . . Parts Stripped . | . . . Power Chain Reactions 3 | . 3 . Missiles Intercepted . | . . . Alert | -11 -10 -10 ------- Run | Scr Mat Min Peak Influence 277 | . 277 146 Average Influence 109 | . 108 114 Maximum Alert Level 1 | . 1 . Low Security (%) 93 | . 91 100 Level 1 6 | . 8 . Level 2 . | . . . Level 3 . | . . . Level 4 . | . . . Level 5 . | . . . High Security . | . . . Max Security . | . . . Squads Dispatched . | . . . Investigation . | . . . Extermination . | . . . Reinforcement . | . . . Assault . | . . . Garrison . | . . . Intercept . | . . . Construction Impeded . | . . . Haulers Reinforced . | . . . Stealth | -11 -10 -10 --------- Run | Scr Mat Min Distress Signals . | . . . Communications Jammed . | . . . Distress Signals . | . . . Times Spotted 27 | . 19 8 Peak Tracking Total 4 | . 4 2 Tactical Retreats . | . . . Traps | -11 -10 -10 ------- Run | Scr Mat Min Traps Triggered . | . . . Indirectly . | . . . Trap Hack Attempts . | . . . Triggered . | . . . Disarmed . | . . . Reprogrammed . | . . . Reused . | . . . Traps Extracted . | . . . Installed . | . . . Triggered . | . . . Machines | -11 -10 -10 ---------- Run | Scr Mat Min Machines Disabled 1 | . 1 . Max in Single Turn 1 | . 1 . Machines Sabotaged . | . . . Garrisons Compromised . | . . . Overloaded Fab Kills . | . . . Fab Network Shutdowns . | . . . Hacking | -11 -10 -10 --------- Run | Scr Mat Min Machines Accessed 5 | . 5 . Terminals 5 | . 5 . Fabricators . | . . . Repair Stations . | . . . Recycling Units . | . . . Scanalyzers . | . . . Garrison Access . | . . . Total Hacks 25 | . 25 . Successful 16 | . 16 . Failed 9 | . 9 . Catastrophic . | . . . Database Lockouts . | . . . Manual 13 | . 13 . Terminals 25 | . 25 . Fabricators . | . . . Repair Stations . | . . . Recycling Units . | . . . Scanalyzers . | . . . Garrison Access . | . . . Terminal Hacks 12 | . 12 . Part Schematic 1 | . 1 . Prototype ID Bank 3 | . 3 . Branch Access Points 1 | . 1 . Emergency Access Points 1 | . 1 . Terminal Index 1 | . 1 . Locate Traps 2 | . 2 . Dispatch Records 1 | . 1 . Hauler Manifests 1 | . 1 . Zone Layout 1 | . 1 . Fabricator Hacks . | . . . Repair Station Hacks . | . . . Recycling Unit Hacks . | . . . Scanalyzer . | . . . Garrison Access Hacks . | . . . Unauthorized Hacks 8 | . 8 . Terminals 4 | . 4 . Track 2 | . 2 . Botnet 2 | . 2 . Fabricators . | . . . Repair Stations . | . . . Recycling Units . | . . . Scanalyzers . | . . . Garrison Access . | . . . Data Cores Recovered . | . . . Used . | . . . Hacking Detections 4 | . 4 . Full Trace Events . | . . . Feedback Events . | . . . Feedback Blocked . | . . . Robot Schematics Acquired . | . . . Robots Built . | . . . Matter . | . . . Time . | . . . Total Robot Build Rating . | . . . Part Schematics Acquired 1 | . 1 . Parts Built . | . . . Matter . | . . . Time . | . . . Total Part Build Rating . | . . . Parts Repaired . | . . . Time . | . . . Parts Recycled . | . . . Recycled Matter . | . . . Retrieved Matter . | . . . Retrieved Components . | . . . Parts Scanalyzed . | . . . Part Schematics Acquired . | . . . Parts Damaged . | . . . Bothacking | -11 -10 -10 ------------ Run | Scr Mat Min Used RIF Installer . | . . . Robots Hacked . | . . . Non-combat . | . . . Combat . | . . . Robot Hacks Applied . | . . . Relay Couplers Released . | . . . Robots Rewired . | . . . Allies Hacked . | . . . Hacks Repelled . | . . . Allies | -11 -10 -10 -------- Run | Scr Mat Min Total Allies 2 | . . 2 Largest Group 2 | . . 2 Highest-Rated Group 47 | . . 47 Highest-Rated Ally 31 | . . 31 Total Orders . | . . . Ally Attacks 8 | . . 8 Total Damage 123 | . . 123 Kills 5 | . . 5 Allies Corrupted . | . . . Allies Melted . | . . . Intel | -11 -10 -10 ------- Run | Scr Mat Min Robot Analysis Total . | . . . Derelict Logs Recovered . | . . . Drone Launches . | . . . Drone Recoveries . | . . . Exploration | -11 -10 -10 ------------- Run | Scr Mat Min Turns Passed 985 | . 744 241 Spaces Moved 631 | 1 515 115 Core . | . . . Treads 111 | . . 111 Legs 163 | 1 162 . Wheels 357 | . 353 4 Hover . | . . . Flight . | . . . Fastest Speed 90 | 120 90 110 Average Speed 119 | 120 106 177 Slowest Speed 180 | 120 120 180 Overloaded Moves . | . . . Propulsion Burnouts . | . . . Robots Hopped . | . . . Cave-ins Triggered . | . . . Exploration Rate (%) 30 | 1 62 29 Regions Visited 2 Branch Regions 1 Pre-discovered Areas . | . . . Known Exits Taken 1 | . 1 . Unknown Exits Taken 1 | 1 . . Scrap Searched . | . . . Spaces Dug . | . . . Terrain Destroyed 9 | . 9 . Melee . | . . . Projectile . | . . . AOE 9 | . 9 . Actions | -11 -10 -10 --------- Run | Scr Mat Min Total 747 | . 611 136 Wait 15 | . 14 1 Move 629 | . 514 115 Hop . | . . . Pick Up 18 | . 13 5 Fast Attach . | . . . Attach 7 | . 5 2 Detach . | . . . Swap 9 | . 6 3 Drop 6 | . 4 2 Fire 63 | . 55 8 Melee . | . . . Ram . | . . . Kick . | . . . Crush . | . . . Escape Stasis . | . . . Rewire . | . . . Trap . | . . . Miscellaneous . | . . . Route ------- -11/Scrapyard -10/Materials (discovered 3 exits: [Mat] / *Min x2) -10/Mines History --------- Turn | Location | Event 1 | -11/Scrapyard | Discovered new exit (range 0) 1 | -11/Scrapyard | Entered Materials 124 | -10/Materials | Identified exit to Mines 307 | -10/Materials | Build established: Mutant 335 | -10/Materials | Core integrity fell below 50% 478 | -10/Materials | Discovered new exit (range 18) 639 | -10/Materials | Core integrity fell below 20% 745 | -10/Materials | Entered Mines 850 | -10/Mines | Assembled infested the area 934 | -10/Mines | Received a Rocket Launcher from a helpful Derelict 986 | -10/Mines | Destroyed by as-98424 with Assembled Rifle Last Messages --------------- 00890_ S-10 Pest destroyed. 00898_ Acquired 16 matter. 00900_ Acquired 3 matter. 00904_ Acquired Lgt. Assault Rifle. 00911_ K-01 Serf collects debris. 00916_ as-70614 destroyed. 00928_ A derelict emerges from the shadows. 00929_ E1-7BK(g): "Some of my friends down here think you need a mining laser when you travel the depths." 00930_ E1-7BK(g): "Pshh... whatever." 00931_ E1-7BK(g): "Everyone knows a good old rocket launcher goes a long way." 00932_ E1-7BK(g): "Need to get rid of a swarm? Done. Need a big hole in the wall? Done." 00933_ E1-7BK(g): "Need a small hole in the wall? Leave that to the mining laser wimps, I say!" 00934_ E1-7BK(g): "Would you like a rocket launcher? I know I would if I were you, so I'm going to lend you mine." 00934_ E1-7BK(g) slips back into the shadows. 00954_ Acquired Rocket Launcher. Map ----- +----------------------------------------------------+ | ???????????????????????????????????????? | | ???????????????????????????????????????? | | ???????????????????????????????????????? | | ???????????????????????????????????????? | | ???????????????????????????????????????? | | ???????????????????????????????????????? | | ???????????????????????????????????????? | | ???????????????????????????????????????? | | ???????????????????????????????????????? | | ???????????????????????????????????????? | | ??????????????????????????? ???????????? | | ??????????????????????????? ???????????? | | ??????????????????????????? ???????????? | | ?????##???????????????????? ???????????? | | ?????%=#?????????????????? #???????????? | | ?????#%#?????????????????? #???????????? | | ?????# #?????????????????? ????????????? | | ?????# #?????????????????? ????????????? | | ?????# #?????????????????? ????????????? | | ????## #?????????????????? ????????????? | | ##?## ##???????????????## ????????????? | | ### #???????????????=%!????????????? | | ##??????????????# #????????????? | | #??????????????# #????????????? | | % #??????????????#a#????????? ??? | | =% #???????????####@#### """??? | | = *%##???????????# g """??? | | ##*#????????????# ####### """??? | | ###%#????????????# #???????????? ??? | | ##?#=#????????????# #???????????????? | | ##??# #????????????# #???????????????? | | ###???# #???????????## #???????????????? | | ??????# ######?????## ##??????????????? | | ??????# ####### #??????????????? | | ??????###### #??????????????? | | ???????????# #??????????????? | | ???????????##### #??????????????? | | ???????????????# ##??????????????? | | ???????????????## ##???????????????? | | ????????????????#######????????????????? | | ???????????????????????????????????????? | | ???????????????????????????????????????? | | | | | | | | | | | | | | | | | +----------------------------------------------------+ Best States ------------- Heat Dissipation 25 Energy Generation 10 Energy Capacity 250 Matter Stores 300 Matter Capacity 300 Sight Range 16 Terrain Scan Density 10 Evasion (%) 40 Recoil Reduction 2 Item Schematics ----------------- Datajack | -10/Materials | Hacked Robot Schematics ------------------ None Fabricated ------------ Nothing Alien Tech Used ----------------- None Achievements -------------- None Challenges ------------ None Game ------ Seed IntegrityAssaultTreads Manual? 0 Play Time 00:16:58 Cumulative 99.2 hours Start 2019.11.21 @ 12:15:34 End 2019.11.21 @ 12:33:42 Sessions 1 Manual Loads 0 Difficulty Rogue Special Mode None Game No. 72 Rogue 72 Adventurer 0 Explorer 0 Win Type - Total 2 Types 2/0/0/0/0/0/0 Lore% 55 Gallery% 53 Achievement% 20 Wizard Run 0 Options --------- ASCII 1 Keyboard 0 Movement Mouse Keybinds 0 Fullscreen 2 Font 18/SmallcapsGlow Map View 76x50 Tactical HUD 1 Map Filters NONE Filters NONE Steam 0 RUN: 329d2c51-842b-47fd-bda5-f00b1b54c61e